 Dungeon Crawl Stone Soup version 0.22-a0-858-g985ef60 (webtiles) character file.

9 Amnesiac the Vexing (level 2, 0/19 HPs)
             Began as a Mummy Enchanter on July 27, 2018.
             Slain by a rat (1 damage)
             ... on level 1 of the Dungeon.
             The game lasted 00:01:13 (528 turns).

Amnesiac the Vexing (Mummy Enchanter)                Turns: 528, Time: 00:01:14

Health: 0/19       AC:  3    Str: 11    XL:     2   Next: 6%
Magic:  4/5        EV: 11    Int: 14    God:
Gold:   0          SH:  0    Dex: 12    Spells: 5/6 levels left

rFire    x . .     SeeInvis .   a - +1 dagger
rCold    + . .     Gourm    .   (no shield)
rNeg     + + +     Faith    .   d - +0 leather armour
rPois    ∞         Spirit   .   (no helmet)
rElec    .         Reflect  .   (no cloak)
rCorr    .         Harm     .   (no gloves)
MR       .....                  (no boots)
Stlth    ++........             (no amulet)
HPRegen  0.06/turn              (no ring)
MPRegen  0.09/turn              (no ring)

@: no status effects
A: no food or potions, fire vulnerability, cold resistance 1, negative energy
resistance 3, torment resistance, unbreathing
a: no special abilities


You were on level 1 of the Dungeon.
You were not hungry.

You visited 1 branch of the dungeon, and saw 2 of its levels.

Inventory:

Hand Weapons
 a - a +1 dagger (weapon)
Armour
 b - a +0 robe
 d - a +0 leather armour (worn)
Scrolls
 c - a scroll of identify {!r, unknown}


   Skills:
 - Level 1.0 Short Blades
 - Level 1.5 Dodging
 + Level 2.4 Stealth
 + Level 2.9 Spellcasting
 * Level 3.0 Hexes


You had 5 spell levels left.
You knew the following spells:

 Your Spells              Type           Power        Failure   Level  Hunger
a - Corona                Hex            ##.....      9%          1    N/A

Your spell library contained the following spells:

 Spells                   Type           Power        Failure   Level  Hunger
 Confuse                  Hex            ##......     24%         3    N/A
 Tukima's Dance           Hex            ##......     24%         3    N/A
 Ensorcelled Hibernation  Hex/Ice        #.....       22%         2    N/A
 Dazzling Spray           Conj/Hex       #.....       41%         3    N/A

Dungeon Overview and Level Annotations

Branches:
Dungeon (2/15)

Altars:


Innate Abilities, Weirdness & Mutations

You do not eat or drink.
Your flesh is vulnerable to fire.
You are immune to poison.
Your flesh is cold resistant. (rC+)
You are immune to negative energy. (rN+++)
You are immune to unholy pain and torment.
You can survive without breathing.


Message History

You kill the hobgoblin!
An adder comes into view.
You see here a club.
An adder is nearby!
An adder is nearby!
Found a stone staircase leading down.
The adder hisses angrily.
Casting: Corona (safe; 9% risk of failure)
Confirm with . or Enter, or press ? or * to list all spells.
Aiming: Corona (safe; 9% risk of failure)
Press: ? - help, Shift-Dir - straight line, f - adder
Aim: an adder (chance to defeat MR: 54%)
The adder is outlined in light.
An adder comes into view.
The adder barely misses you.
Unknown command.
The adder hisses angrily.
You hit the adder but do no damage. The adder barely misses you.
You hit the adder.
The adder is lightly wounded.
The adder closely misses you.
A jackal comes into view.
Your leather armour prevents you from hitting the adder.
The adder is lightly wounded.
The adder misses you. The adder bites you.
You see here a club.
The adder stops glowing.
A bat comes into view.
The adder barely misses you.
Found a scroll labeled JIENUNTESM.
There is an escape hatch in the ceiling here.
The adder bites you. The bat hits you but does no damage.
A mysterious force pulls you upwards. The hatch slams shut behind you.
A rat comes into view.
The adder closely misses you.
A giant cockroach comes into view.
Found 2 scrolls labeled MUURUQ MUTUUFF.
The adder bites you.
Casting: Corona (safe; 9% risk of failure)
Confirm with . or Enter, or press ? or * to list all spells.
Aiming: Corona (safe; 9% risk of failure)
Press: ? - help, Shift-Dir - straight line, f - adder
Aim: an adder (chance to defeat MR: 54%)
The adder is outlined in light.
The adder bites you.
* * * LOW HITPOINT WARNING * * *
Unknown command.
You hit the adder.
The adder is lightly wounded.
The adder closely misses you.
You hit the adder.
The adder is heavily wounded.
The adder misses you. The rat bites you but does no damage.
The adder bites you.
* * * LOW HITPOINT WARNING * * *
You hit the adder.
The adder is heavily wounded.
The rat barely misses you. The adder bites you.
* * * LOW HITPOINT WARNING * * *
You closely miss the adder.
The adder is heavily wounded.
The giant cockroach bites you.
* * * LOW HITPOINT WARNING * * *
The rat bites you.
You die...

######..............#
####....#...........?..#
#.......#..............#
#%......#..............###
........+..................
........#..................
.......>........sr.........
.....#......###.@S.........
....†.......# ####.........
............######........
......................###.
.....#................#
..†...................#
......................#
...####...............#
..##†.##..##...####.###


You could see an adder, a giant cockroach and a rat.

Vanquished Creatures
  A dart slug (D:1)
  A goblin (D:1)
  2 hobgoblins
  A frilled lizard (D:1)
  A kobold (D:1)
  2 rats (D:1)
8 creatures vanquished.

Notes
Turn   | Place    | Note
-------+----------+-------------------------------------------
     0 | D:1      | Amnesiac the Mummy Enchanter began the quest for the Orb.
     0 | D:1      | Reached XP level 1. HP: 13/13 MP: 4/4
   431 | D:1      | Reached skill level 1 in Short Blades
   483 | D:1      | Reached skill level 3 in Hexes
   483 | D:1      | Reached XP level 2. HP: 19/19 MP: 3/5
   528 | D:1      | Slain by a rat

Vault maps used:
D:1:      minmay_arrival_doors, minmay_close_crescents
D:2:      nicolae_overflow_hidden_temple, makhleb_altar_promises_db,
          uniq_jessica

Skill      XL: |  1 |
---------------+----+-----
Short Blades   | 1 |  1.0
Hexes          | 3 |  3.0
Dodging        | |  1.5
Stealth        | |  2.4
Spellcasting   | |  2.9

Action                   || total
-------------------------++-------
Melee: Dagger            ||    28
 Cast: Corona            ||    10
 Stab: Sleeping          ||     2
Armor: Leather armour    ||     4
Dodge: Dodged            ||    19

Table legend:
 A = Spawn XP
 B = Non-spawn XP
 C = Spawn XP percentage of total XP
 D = Spawn monster count
 E = Non-spawn monster count
 F = Spawn count percentage of total count
 G = Total turns spent on level
                    A         B        C        D         E        F      G
               +---------+---------+-------+---------+---------+-------+---------
         Total |       0 |      14 |   0.0 |       0 |       8 |   0.0 |   528
               +---------+---------+-------+---------+---------+-------+---------
           D:1 |       0 |      12 |   0.0 |       0 |       7 |   0.0 |   502
           D:2 |       0 |       2 |   0.0 |       0 |       1 |   0.0 |    26
               +---------+---------+-------+---------+---------+-------+---------
